 Dungeon Crawl Stone Soup version 0.21.1-1-g345015fe64 (webtiles) character file.

31726 Htamos the Bludgeoner (level 13, -32/72 HPs)
             Began as a Gargoyle Gladiator on July 17, 2018.
             Was the Champion of Okawaru.
             Killed from afar by a fire giant (38 damage)
             ... with a bolt of fire
             ... on level 13 of the Dungeon.
             The game lasted 00:58:54 (21478 turns).

Htamos the Bludgeoner (Gargoyle Gladiator)         Turns: 21478, Time: 00:58:55

Health: -32/72     AC: 30    Str: 19    XL:     13   Next: 60%
Magic:  20/22      EV: 10    Int:  9    God:    Okawaru [******]
Gold:   288        SH: 23    Dex: 18    Spells: 11/12 levels left

rFire    . . .     SeeInvis .   E - +6 whip
rCold    . . .     Gourm    .   U - +1 large shield
rNeg     + . .     Faith    +   J - +0 plate armour of the Harp {MR++ MP+9}
rPois    ∞         Spirit   .   c - +1 helmet
rElec    +         Reflect  .   x - scarf {repulsion}
rCorr    +         Harm     .   Z - +1 pair of gloves {Dex+3}
MR       ++...                  F - +0 pair of boots
Stlth    ..........             R - amulet of faith
HPRegen  0.22/turn              s - ring of resist corrosion
MPRegen  0.18/turn              S - ring of wizardry

@: about to teleport, heroism, repel missiles
A: negative energy resistance 1, electricity resistance, unbreathing,
petrification resistance, rot immunity, AC +9
a: Heroism, Finesse, Renounce Religion


You were on level 13 of the Dungeon.
You worshipped Okawaru.
Okawaru was exalted by your worship.
You were not hungry.

You visited 3 branches of the dungeon, and saw 15 of its levels.

You collected 945 gold pieces.
You spent 657 gold pieces at shops.

Inventory:

Hand Weapons
 a - a +5 long sword of distortion
 g - a +0 great mace
 p - a +4 broad axe of chopping
 r - a +2 flail of protection
 y - the +11 quarterstaff "Poigheysy" {crush, rPois Int-2 Dex+4, unknown}
   (Okawaru gifted it to you on level 11 of the Dungeon)

   It inflicts extra damage upon your enemies.
   It affects your intelligence (-2).
   It affects your dexterity (+4).
   It protects you from poison.
 z - a +0 morningstar
 E - a +6 whip (weapon)
Missiles
 d - 4 throwing nets (quivered)
 l - 4 javelins
 Q - 90 stones
Armour
 c - a +1 helmet (worn)
 u - a +4 chain mail
 x - a scarf of repulsion (worn)
 C - a +0 cloak
 F - a +0 pair of boots (worn)
 J - the +0 plate armour of the Harp (worn) {MR++ MP+9}
   (You found it on level 11 of the Dungeon)

   It affects your resistance to hostile enchantments.
   It affects your magic capacity (+9).
 U - a +1 large shield (worn)
 Z - a +1 pair of gloves of dexterity (worn)
Jewellery
 e - an uncursed ring of see invisible {unknown}
 q - an uncursed ring of ice
 s - a ring of resist corrosion (left hand)
 R - an amulet of faith (around neck)
 S - a ring of wizardry (right hand)
 V - an uncursed amulet of harm {unknown}
Wands
 w - a wand of disintegration (19)
 G - a wand of acid (1)
 O - a wand of paralysis (17)
 W - a wand of digging (11)
Scrolls
 h - 11 scrolls of identify
 i - 9 scrolls of remove curse
 j - 5 scrolls of teleportation
 k - a scroll of fog
 n - a scroll of noise
 B - a scroll of amnesia
Potions
 o - 5 potions of brilliance
 t - 3 potions of flight
 v - a potion of magic
 H - 4 potions of degeneration
 I - a potion of mutation
 T - a potion of cancellation
Books
 D - a book of Debilitation

   Spells                             Type                      Level
   a - Corona                         Hexes                        1
   b - Slow                           Hexes                        2
   c - Inner Flame                    Hexes/Fire                   3
   d - Portal Projectile              Hexes/Translocation          3
   e - Cause Fear                     Hexes                        4
   f - Leda's Liquefaction            Hexes/Earth                  4
 K - a book of Geomancy

   Spells                             Type                      Level
   a - Sandblast                      Earth                        1
   b - Passwall                       Transmutation/Earth          2
   c - Stone Arrow                    Conjuration/Earth            3
   d - Petrify                        Transmutation/Earth          4
   e - Lee's Rapid Deconstruction     Earth                        5
 L - a book of Frost

   Spells                             Type                      Level
   a - Freeze                         Ice                          1
   b - Throw Frost                    Conjuration/Ice              2
   c - Ozocubu's Armour               Charms/Ice                   3
   d - Throw Icicle                   Conjuration/Ice              4
   e - Summon Ice Beast               Ice/Summoning                4
 M - a Young Poisoner's Handbook

   Spells                             Type                      Level
   a - Sting                          Conjuration/Poison           1
   b - Poisonous Vapours              Poison/Air                   2
   c - Mephitic Cloud                 Conjuration/Poison/Air       3
   d - Olgreb's Toxic Radiance        Poison                       4
   e - Venom Bolt                     Conjuration/Poison           5
 N - a book of Transfigurations

   Spells                             Type                      Level
   a - Irradiate                      Conjuration/Transmutation    5
   b - Statue Form                    Transmutation/Earth          6
   c - Hydra Form                     Transmutation                6
   d - Dragon Form                    Transmutation                7
Miscellaneous
 m - a box of beasts
Comestibles
 f - 27 rations


   Skills:
 + Level 5.1(10.1) Fighting
 - Level 16.0(21.0) Maces & Flails
 - Level 1.7(6.7) Throwing
 + Level 4.5(9.5) Armour
 + Level 4.3(9.3) Dodging
 + Level 14.0(19.0) Shields
 + Level 4.6 Earth Magic


You had 11 spell levels left.
You knew the following spells:

 Your Spells              Type           Power        Failure   Level  Hunger
a - Sandblast             Erth           #.....       69%         1    ##.....


Dungeon Overview and Level Annotations

Branches:
Dungeon (13/15)            Temple (1/1) D:7            Lair (0/6) D:11
    Orc (1/2) D:10
 Vaults: D:13-14

Altars:
Ashenzari
Cheibriados
Dithmenos
Elyvilon
Fedhas
Hepliaklqana
Kikubaaqudgha
Makhleb
Nemelex Xobeh
Okawaru
Ru
Sif Muna
Uskayaw
Wu Jian
The Shining One

Shops:
D:7 *   D:9 *   D:11 [}=

Annotations:
D:5 Sigmund


Innate Abilities, Weirdness & Mutations

You are resistant to torment.
Your stone body is resilient. (AC +9)
You are immune to poison.
You resist negative energy. (rN+)
You are resistant to electric shocks. (rElec)
You can survive without breathing.
You are immune to petrification.
You are immune to rotting.


Message History

You hear a shout! x2
The fire giant gestures at you while chanting.
The fireball explodes!
The fireball engulfs you!
You hear a shout!
You gain the combat prowess of a mighty hero.
The fire giant casts a spell at you.
The fireball explodes!
The fireball engulfs you!
Ouch! That really hurt!
* * * LOW HITPOINT WARNING * * *
Okay, then.
Okay, then.
As you read the scroll of fog, it crumbles to dust.
The scroll dissolves into smoke.
As you read the scroll of teleportation, it crumbles to dust.
You feel strangely unstable.
The fire giant hits you but does no damage.
The fire giant gestures at you while chanting.
The bolt of fire hits you!
Ouch! That really hurt!
You die...

≈≈≈≈≈≈≈≈≈≈≈≈≈≈≈≈≈≈≈≈.....>...#
###################≈.........#
†.................#≈.........#
()................#≈.........#
#######''#######).#≈.........#
#$.............#§§#≈.........####
#..............#C§#≈.............
#..##########..#§§#≈............>
#. #..#@§#≈.........#### #
#..#§§#≈.........# #
#..#.§#≈.........# #
#..#..#≈.........# #
#..#..#≈.........# #
#..#..#≈.........# #
#..#..#≈.........# #
#..#..#≈.........# #
J'####lD#..#≈.........#


You could see a fire giant.

Vanquished Creatures
  The ghost of SlightEye the Fighter, a journeyman DsFi of Okawaru (D:13)
  Josephine (D:11)
  A hydra (D:13)
  3 death yaks (D:11)
  A two-headed ogre (D:9)
  2 centaur warriors (D:13)
  A skeletal warrior (D:10)
  5 unseen horrors
  An orc knight (D:13)
  A mana viper (shapeshifter) (D:13)
  A wolf spider zombie (D:13)
  4 ugly things
  A deep elf mage (D:13)
  3 manticores
  A gargoyle (D:13)
  The ghost of GotenAND the Shield-Bearer, a novice GrFi of Trog (D:6)
  A komodo dragon (D:13)
  A tengu conjurer (D:13)
  5 trolls
  Grinder (D:6)
  5 slime creatures (D:13)
  3 hippogriffs
  The ghost of tensugalgo the Cudgeler, an amateur GrMo (D:5)
  A meliai zombie (D:13)
  A spriggan (D:9)
  2 shadows
  5 wraiths (D:11)
  3 wyverns
  A tarantella (shapeshifter) (D:13)
  10 yaks
  Eustachio (D:4)
  2 hungry ghosts
  2 basilisks (D:13)
  4 vampire mosquitoes (D:13)
  Menkaure (D:6)
  An acid dragon (D:10)
  3 water moccasins
  A soldier ant (D:11)
  7 orc warriors
  4 ice beasts
  Duvessa (D:5)
  2 black bears
  4 sky beasts
  2 necrophages (D:10)
  3 ogres (D:10)
  3 phantoms
  A crocodile (D:12)
  9 centaurs
  4 big kobolds
  Blork the orc (D:6)
  5 bullfrogs
  Dowan (D:4)
  A wyvern skeleton (D:13)
  6 scorpions
  9 killer bees (D:10)
  3 electric eels
  3 howler monkeys
  3 crimson imps
  3 centaur zombies
  7 hounds
  Crazy Yiuf (D:5)
  7 centaur skeletons
  13 orc priests
  2 jellies (D:10)
  14 orc wizards
  4 iguanas
  12 worker ants
  A hound skeleton (D:9)
  A hound zombie (D:5)
  A mummy (D:8)
  A howler monkey zombie (D:5)
  2 worker ant zombies
  14 gnolls
  12 adders
  A shadow imp (D:10)
  An ooze (D:1)
  A worm (D:2)
  2 dart slugs
  9 leopard geckos
  64 orcs
  A ball python (D:1)
  15 bats
  6 giant cockroaches
  10 goblins
  14 hobgoblins
  9 jackals
  32 kobolds
  3 quokkas
  3 frilled lizards
  A leopard gecko skeleton (D:5)
  7 rats
429 creatures vanquished.

Vanquished Creatures (collateral kills)
  3 death yaks (D:11)
3 creatures vanquished.

Vanquished Creatures (others)
  5 fungi (D:5)
5 creatures vanquished.

Grand Total: 437 creatures vanquished

Notes
Turn   | Place    | Note
-------+----------+-------------------------------------------
     0 | D:1      | Htamos the Gargoyle Gladiator began the quest for the Orb.
     0 | D:1      | Reached XP level 1. HP: 12/12 MP: 1/1
    68 | D:1      | Reached XP level 2. HP: 17/17 MP: 2/2
   592 | D:1      | Reached skill level 4 in Maces & Flails
   610 | D:1      | Reached XP level 3. HP: 21/21 MP: 3/3
  1263 | D:2      | Reached XP level 4. HP: 26/26 MP: 4/4
  1517 | D:2      | Reached skill level 5 in Maces & Flails
  1785 | D:2      | Reached XP level 5. HP: 23/30 MP: 5/5
  2832 | D:3      | Reached skill level 1 in Shields
  3191 | D:4      | Noticed a dagger
  3191 | D:4      | Found a hide-covered altar of Uskayaw.
  3191 | D:4      | Noticed a dagger
  3201 | D:4      | Reached skill level 6 in Maces & Flails
  3239 | D:4      | Reached XP level 6. HP: 30/35 MP: 6/6
  3729 | D:4      | Found a sacrificial altar of Ru.
  3917 | D:3      | Reached XP level 7. HP: 39/40 MP: 7/7
  4095 | D:4      | Found a burning altar of Makhleb.
  4095 | D:4      | Noticed an Executioner
  4263 | D:4      | Noticed Eustachio
  4290 | D:4      | Killed Eustachio
  4290 | D:4      | Reached skill level 7 in Maces & Flails
  4430 | D:5      | Entered Level 5 of the Dungeon
  4508 | D:5      | Noticed Duvessa
  4509 | D:5      | Noticed Dowan
  4700 | D:4      | Reached skill level 5 in Shields
  4879 | D:5      | Noticed tensugalgo's ghost (amateur GrMo)
  5052 | D:5      | Killed Duvessa
  5052 | D:5      | Reached XP level 8. HP: 30/44 MP: 8/8
  5072 | D:4      | Killed Dowan
  5212 | D:5      | Killed tensugalgo's ghost
  5212 | D:5      | Reached skill level 8 in Maces & Flails
  5504 | D:5      | Noticed Sigmund
  5915 | D:5      | Found a blossoming altar of Fedhas.
  5983 | D:5      | Found a runed door.
  6021 | D:5      | Noticed Crazy Yiuf
  6025 | D:5      | Killed Crazy Yiuf
  6354 | D:6      | Noticed GotenAND's ghost (novice GrFi)
  6404 | D:6      | Killed GotenAND's ghost
  6404 | D:6      | Reached skill level 9 in Maces & Flails
  6404 | D:6      | Reached XP level 9. HP: 40/48 MP: 9/9
  6482 | D:6      | Noticed Grinder
  6491 | D:6      | Killed Grinder
  6538 | D:6      | Noticed Blork the orc
  6547 | D:6      | Killed Blork the orc
  6736 | D:6      | Noticed Menkaure
  6762 | D:6      | Killed Menkaure
  6964 | D:6      | Reached skill level 10 in Maces & Flails
  7497 | D:6      | You fall through a shaft!
  7830 | D:7      | Found Dinufar's Assorted Antiques.
  7839 | D:7      | Bought a jewelled gold wand for 100 gold pieces
  7839 | D:7      | Bought a white potion for 22 gold pieces
  7839 | D:7      | Bought a lumpy pink potion for 22 gold pieces
  7839 | D:7      | Bought a murky purple potion for 22 gold pieces
  7839 | D:7      | Bought a scroll labeled ULUFAO HENOEV for 25 gold pieces
  7839 | D:7      | Bought a scroll labeled BEORUC ORAYDI for 25 gold pieces
  8336 | D:7      | Found a staircase to the Ecumenical Temple.
  8489 | Temple   | Entered the Ecumenical Temple
  8518 | Temple   | Became a worshipper of Warmaster Okawaru
  9381 | D:8      | Reached XP level 10. HP: 52/53 MP: 10/10
  9568 | D:8      | Found an ornate altar of the Wu Jian Council.
  9728 | D:8      | Reached skill level 10 in Shields
  9743 | D:8      | Reached * piety under Okawaru
  9991 | D:8      | Found a snail-covered altar of Cheibriados.
 10232 | D:8      | Reached skill level 11 in Maces & Flails
 10540 | D:9      | Found Gaujefash's General Store.
 10550 | D:9      | Found a hazy altar of Hepliaklqana.
 10661 | D:9      | Found an ancient bone altar of Kikubaaqudgha.
 11230 | D:9      | Reached ** piety under Okawaru
 11350 | D:9      | Noticed a two-headed ogre
 11360 | D:9      | Killed a two-headed ogre
 11514 | D:10     | Entered Level 10 of the Dungeon
 11559 | D:10     | Reached skill level 12 in Maces & Flails
 11717 | D:10     | Reached *** piety under Okawaru
 11724 | D:10     | Reached XP level 11. HP: 54/57 MP: 11/11
 11804 | D:10     | Noticed a manticore
 11807 | D:10     | Killed an unseen horror
 11829 | D:10     | Killed a manticore
 11833 | D:10     | Reached **** piety under Okawaru
 11926 | D:10     | Reached skill level 13 in Maces & Flails
 12094 | D:10     | Noticed a red ugly thing
 12112 | D:10     | Killed a red ugly thing
 12487 | D:10     | Noticed a skeletal warrior
 12512 | D:10     | Killed a skeletal warrior
 12846 | D:10     | Reached ***** piety under Okawaru
 13386 | D:10     | Found a staircase to the Orcish Mines.
 13435 | D:10     | Killed an unseen horror
 13713 | D:11     | Found Zaotuof's Armour Emporium.
 13719 | D:11     | Bought a +1 pair of gloves of dexterity for 181 gold pieces
 13845 | D:11     | Reached skill level 14 in Maces & Flails
 13899 | D:11     | Got a steaming plate armour
 13900 | D:11     | Identified the cursed +0 plate armour of the Harp {MR++ MP+9} (You found it on level 11 of the Dungeon)
 13990 | D:11     | Found Bimenuann's Jewellery Emporium.
 14020 | D:11     | Noticed Josephine
 14046 | D:11     | Killed Josephine
 14046 | D:11     | Received a gift from Okawaru
 14046 | D:11     | Reached XP level 12. HP: 29/62 MP: 12/12
 14242 | D:11     | Received a gift from Okawaru
 14442 | D:11     | Noticed a death yak
 14444 | D:11     | Noticed a death yak
 14444 | D:11     | Found a staircase to the Lair.
 14444 | D:11     | Noticed a death yak
 14444 | D:11     | Noticed a death yak
 14444 | D:11     | Noticed a death yak
 14444 | D:11     | Noticed a death yak
 14626 | Orc:1    | Entered Level 1 of the Orcish Mines
 15362 | D:11     | Found Mutism's Gadget Shop.
 15369 | D:11     | Bought a box of beasts for 260 gold pieces
 15470 | D:11     | Noticed a death yak
 15485 | D:11     | Killed a death yak
 15485 | D:11     | Killed a death yak
 15503 | D:11     | Killed a death yak
 15525 | D:11     | Killed a death yak
 15731 | D:11     | Killed a death yak
 15740 | D:11     | Killed a death yak
 15740 | D:11     | Reached ****** piety under Okawaru
 15740 | D:11     | Reached skill level 15 in Maces & Flails
 16567 | D:11     | Received a gift from Okawaru
 16588 | D:11     | Got an ebony quarterstaff {god gift}
 17029 | D:12     | Reached skill level 1 in Armour
 17221 | D:12     | Learned a level 1 spell: Sandblast
 17806 | D:13     | Noticed SlightEye's ghost (journeyman DsFi)
 17821 | D:13     | Reached skill level 1 in Earth Magic
 18490 | D:13     | Killed SlightEye's ghost
 18490 | D:13     | Received a gift from Okawaru
 18769 | D:13     | Reached XP level 13. HP: 65/69 MP: 13/13
 20502 | D:13     | Reached skill level 16 in Maces & Flails
 20808 | D:13     | Received a gift from Okawaru
 20960 | D:13     | Noticed an ice dragon
 21144 | D:13     | Reached skill level 5 in Fighting
 21471 | D:13     | Noticed a fire giant
 21478 | D:13     | Killed from afar by a fire giant

Skill      XL: |  1  2  3  4  5  6  7  8  9 10 11 12 13 |
---------------+----------------------------------------+-----
Maces & Flails | 4 5 6 7 9 10 12 14 15 16 | 16.0
Shields        | 2 3 5 7 9 11 12 13 14 | 14.0
Armour         | 2 4 |  4.5
Earth Magic    | 2 4 |  4.6
Fighting       | 3 5 |  5.1
Dodging        | 3 4 |  4.3
Throwing       | |  1.7

Action                   |  1- 3 |  4- 6 |  7- 9 | 10-12 | 13-15 || total
-------------------------+-------+-------+-------+-------+-------++-------
Melee: Flail             |    66 |   137 |   352 |       |       ||   555
       Halberd           |    28 |    39 |       |       |       ||    67
       Whip              |       |   112 |    36 |  1090 |   458 ||  1696
       Mace              |       |       |   174 |       |       ||   174
       Eveningstar       |       |       |       |   394 |       ||   394
Invok: Heroism           |       |       |       |     1 |     3 ||     4
Evoke: Wand              |       |       |       |     6 |     1 ||     7
       Box of beasts     |       |       |       |     5 |       ||     5
  Use: Potion            |       |     6 |     2 |    17 |     3 ||    28
       Scroll            |       |       |    18 |    14 |     5 ||    37
 Stab: Distracted        |       |       |       |     1 |       ||     1
  Eat: Chunk             |     1 |     9 |    18 |    29 |     3 ||    60
       Ration            |       |       |       |     2 |     2 ||     4
Armor: Leather armour    |    45 |    78 |       |       |       ||   123
       Ring mail         |       |    25 |    20 |       |       ||    45
       Chain mail        |       |       |   246 |   288 |       ||   534
       Plate armour      |       |       |       |   217 |   255 ||   472
       Skin              |       |       |       |     7 |       ||     7
Dodge: Dodged            |    82 |   130 |   130 |   102 |    48 ||   492
       Deflected         |       |       |       |       |     2 ||     2
Block: Shield            |       |    69 |   276 |    36 |       ||   381
       Large shield      |       |       |       |   907 |   370 ||  1277
